[Event "Bangabandhu Premier Div League 2023-24"]
[Site "Dhaka"]
[Date "2024.02.05"]
[Round "5.7"]
[White "Diya Chowdhury"]
[Black "Sajidul, Haque"]
[Result "1/2-1/2"]
[ECO "B13"]
[WhiteElo "1881"]
[BlackElo "1922"]
[Annotator "RC"]
[PlyCount "157"]
[EventDate "2024.02.01"]
[EventCountry "BAN"]
[SourceTitle "playchess.com"]
[Source "ChessBase"]
[SourceQuality "1"]
[TimeControl "40/5400+30:1800+30"]

1. e4 c6 2. d4 d5 3. exd5 cxd5 4. c4 Nf6 5. Nc3 Nc6 6. Bg5 dxc4 7. d5 Ne5 8. Qd4 h6 9. Bf4 Ng6 10. Bxc4 Nxf4 11. Qxf4 g5 12. Qe5 Bg7 13. Nge2 O-O 14. h4 Qd6 15. Qxd6 exd6 16. hxg5 hxg5 17. O-O-O Ng4 18. Rhf1 Nh2 19. Rh1 Ng4 20. Rhf1 Bd7 21. Kb1 Rac8 22. Bb5 Rfd8 23. Bxd7 Rxd7 24. Ne4 Re8 25. N2c3 Re5 26. Rd3 Nf6 27. Nxf6+ Bxf6 28. f3 Bd8 29. g4 f5 30. f4 gxf4 31. Rxf4 fxg4 32. Rxg4+ Kf8 33. Rf4+ Ke8 34. Ne4 Be7 35. Nf6+ Bxf6 36. Rxf6 Rc7 37. Rd1 Kd7 38. Rf7+ Re7 39. Rf2 Rc5 40. a3 Re5 41. Rf7+ Re7 42. Rf2 a5 43. Ka2 b5 44. Rh2 Kc7 45. Rg2 Re5 46. Rgd2 Kb6 47. Kb1 Rc4 48. Rh2 Rc5 49. Rh6 Kc7 50. Rh7+ Kd8 51. Rg1 Re7 52. Rh5 a4 53. Rd1 Kc7 54. Rh2 Kb6 55. Rh6 Rd7 56. Rh8 Kc7 57. Rh4 Re7 58. Rh6 Rc4 59. Rg6 Rd7 60. Rg8 Rh7 61. Rg6 Kd7 62. Rg8 Rc8 63. Rg2 Rf8 64. Rg4 Rc8 65. Rf1 Rc5 66. Rd1 Rf7 67. Rg8 Rf5 68. Rg7+ Ke8 69. Rg6 Kd7 70. Rg7+ Ke8 71. Rg6 Rcxd5 72. Rxd6 Rxd1+ 73. Rxd1 Rc5 74. Rc1 Rxc1+ 75. Kxc1 Kd7 76. Kd2 Kd6 77. Kc2 Kc6 78. Kd2 Kd6 79. Kd3 1/2-1/2

[Event "Bangabandhu Premier Div League 2023-24"]
[Site "Dhaka"]
[Date "2024.02.05"]
[Round "5.8"]
[White "Subrota, Biswas"]
[Black "Abdullah Al, Raison"]
[Result "1-0"]
[ECO "B48"]
[WhiteElo "2223"]
[BlackElo "1839"]
[Annotator "TA"]
[PlyCount "59"]
[EventDate "2024.02.01"]
[EventCountry "BAN"]
[SourceTitle "playchess.com"]
[Source "ChessBase"]
[SourceQuality "1"]
[TimeControl "40/5400+30:1800+30"]

1. e4 c5 2. Nf3 e6 3. d4 cxd4 4. Nxd4 Nc6 5. Nc3 Qc7 6. Be3 a6 7. g4 b5 8. Nxc6 Qxc6 9. Qd2 (9. Bg2 $11) 9... Nf6 (9... b4 $15 10. Ne2 Qxe4) 10. f3 $11 d6 11. O-O-O Bb7 12. Rg1 (12. a3 $16) 12... Rc8 13. a3 Nd7 14. f4 Nb6 15. Kb1 Nc4 16. Bxc4 Qxc4 17. Bd4 a5 18. b3 Qc6 19. Rge1 Rg8 {[%emt 0:00:00] [#]} ({Black should play} 19... Be7) 20. Nd5 $1 $36 {[%emt 0:00:00][%mdl 2560] White has strong initiative. White is more active.} Be7 {[%emt 0:00:00] [#]} (20... Qa6 21. Nb6) 21. Re3 exd5 $2 {[%emt 0:00:00] Black cannot hold the game after this.} (21... Bd8 $16) 22. exd5 $18 Qxd5 (22... Qxc2+ {was called for.} 23. Qxc2 Rxc2) 23. Qe1 Rc7 24. Bb6 ({Not} 24. Qxa5 Rd7 25. Qc3 h6 $17) 24... Qc6 25. Bxc7 Qxc7 {[%emt 0:00:00] [#]} 26. Qh4 $1 Kf8 $2 {[%emt 0:00:00] [#]} (26... Kd8 27. Qxh7 Re8 28. Qxg7 a4) 27. Rde1 $1 {[%emt 0:00:30][%cal Re3e7] White is clearly winning.} f6 28. Qxh7 Bd5 29. Qd3 Bc6 30. Qe2 {[%emt 0:00:00] Weighted Error Value: White=0.33/Black=0.59.  Loses game:     	---       	Black=1      Mistake:       	White=3     	Black=4      Inaccurate:     	White=2     	Black=4      OK:         	White=4     	Black=5      Best:        	White=2     	Black=1      Strong:       	White=2     	---} 1-0

[Event "Bangabandhu Premier Div League 2023-24"]
[Site "Dhaka"]
[Date "2024.02.05"]
[Round "5.9"]
[White "Rathanvel, V S"]
[Black "Mohammad Minhaz Uddin"]
[Result "1-0"]
[ECO "C43"]
[WhiteElo "2474"]
[BlackElo "2224"]
[Annotator "TA"]
[PlyCount "65"]
[EventDate "2024.02.01"]
[EventCountry "BAN"]
[SourceTitle "playchess.com"]
[Source "ChessBase"]
[SourceQuality "1"]
[TimeControl "40/5400+30:1800+30"]

1. e4 e5 2. Nf3 Nf6 3. d4 Nxe4 4. Bd3 d5 5. Nxe5 Nd7 6. Nc3 Nxc3 7. bxc3 Nxe5 8. dxe5 Bc5 9. O-O Be6 10. Rb1 Bb6 {[%emt 1:25:25] The position is equal.} 11. Qf3 Qd7 (11... O-O {is interesting.} 12. Qh5 g6 13. Qh6 f5) 12. Rb4 O-O-O 13. a4 c5 (13... Ba5 $11) 14. Rb5 $1 $14 c4 15. Be2 Qc6 16. Be3 d4 (16... Bxe3 $16 17. Qxe3 Kb8) 17. Bxd4 $18 Bxd4 18. cxd4 {[%emt 0:00:00] [#] Rc5 is the strong threat.} Rxd4 $2 (18... Qxf3 $16 19. Bxf3 Rxd4 20. Rxb7 (20. Bxb7+ Kc7 $16) 20... Rd7) 19. Rfb1 $2 (19. Qe3 $18 Qe4 20. Qc3) 19... Bd5 $2 (19... Qxf3 $14 20. Bxf3 b6) 20. Qe3 {[%emt 0:00:00] White is clearly winning.} Re4 {[%emt 0:00:00] [#]} 21. Qxa7 $1 {[%emt 0:00:00] aiming for Rc5.} Rxe2 22. Rc5 Kd7 23. Rxc6 Bxc6 24. Qd4+ Kc7 25. a5 Rd8 26. Qb6+ Kc8 27. a6 Red2 28. axb7+ Kb8 29. h4 (29. Qxc6 $2 {leads to mate.} Rd1+ 30. Rxd1 Rxd1#) 29... Rd1+ 30. Kh2 Rxb1 31. Qxd8+ Kxb7 32. Qe7+ Kb6 33. Qxf7 {[%emt 0:00:00] Weighted Error Value: White=0.47/Black=0.65.  Loses game:     	---       	Black=2      Missed win:     	White=1     	---        Mistake:       	---       	Black=2      Inaccurate:     	White=1     	Black=1      OK:         	White=6     	Black=3      Best:        	White=1     	---        Strong:       	White=1     	---} 1-0

[Event "Bangabandhu Premier Div League 2023-24"]
[Site "Dhaka"]
[Date "2024.02.05"]
[Round "5.10"]
[White "Ahmed, Sheikh Nasir"]
[Black "Mohammed Abdul, Malek"]
[Result "1/2-1/2"]
[ECO "A25"]
[WhiteElo "2182"]
[BlackElo "2047"]
[Annotator "TA"]
[PlyCount "108"]
[EventDate "2024.02.01"]
[EventCountry "BAN"]
[SourceTitle "playchess.com"]
[Source "ChessBase"]
[SourceQuality "1"]
[TimeControl "40/5400+30:1800+30"]

1. c4 e5 2. g3 Bc5 3. Bg2 d6 4. e3 Nc6 5. Nc3 a6 6. Nge2 {[%emt 0:00:18] A25: English Opening vs King's Indian with ...Nc6 but without early d3.} h5 7. d4 Ba7 8. h3 h4 9. g4 f5 10. g5 Qxg5 11. Rg1 Qe7 12. Nd5 Qf7 13. Qa4 Kd8 $146 ({Predecessor:} 13... Kf8 14. Bd2 Be6 15. O-O-O Rc8 16. dxe5 Nxe5 17. Nef4 Bd7 18. Qb3 b5 19. cxb5 Bxb5 {1-0 Vachier Lagrave,M (2770)-Bartel,M (2639) PRO League Stage rapid 2020 (1)}) 14. dxe5 Nxe5 15. Qb3 (15. Bd2 $1 $14) 15... c6 16. Nb6 Bxb6 17. Qxb6+ Qc7 18. Qd4 $1 Qa5+ 19. Bd2 (19. Kf1 {simplifies} Qc5 20. Qxc5 dxc5 21. b3) 19... Qc5 20. Bc3 Qxd4 21. Bxd4 (21. exd4 $16 Nxc4 22. b3) 21... Nxc4 22. O-O-O (22. Bxg7 $5 Rh7 $8 23. Bc3 $11) 22... Kc7 23. Bxg7 (23. Bxc6 $14 Kxc6 24. Rxg7) 23... Rh7 $11 24. Bh1 Bd7 25. Bc3 Ne7 26. Nf4 Rg8 27. Rxg8 Nxg8 28. Rg1 Ne7 29. Bf6 Ne5 30. Kd2 b5 31. Ke2 a5 32. Rg5 a4 33. a3 Nc8 34. Rg1 Nb6 35. Ng6 (35. Rg8 $2 Nbc4 36. Nd3 Nxd3 37. Kxd3 f4 $19) (35. Kd1 $11) 35... Nxg6 (35... Rh6 $6 36. Bxe5 dxe5 37. Nxe5 $15) 36. Rxg6 Nc4 (36... f4 $5 37. Be4 fxe3 (37... Bxh3 38. Bd8+ Kxd8 39. Rg8+ Kd7 40. Bxh7 $17) 38. Bd8+ Kxd8 39. Rg8+ Ke7 40. Bxh7 exf2 (40... Bxh3 41. Kxe3 Nc4+ 42. Kf4 $17) 41. Kxf2 Bxh3 42. Rg7+ Ke8 $17) 37. Kd1 (37. Bg2 $1 $15) 37... d5 (37... f4 $1 $19 38. Bg2 fxe3 39. fxe3 Nxe3+ 40. Kd2 Bf5 (40... Nxg2 $2 41. Rxg2 Rh6 42. Bg5 $19)) 38. Bg2 $15 Be6 39. Kc1 Kd7 40. Bf1 Nd6 41. f3 Bf7 42. Rg5 Ke6 43. Bd4 Rh5 44. Rg7 Rh6 ({Better is} 44... f4 $17 {...Nf5 is the strong threat.} 45. Rg4 (45. exf4 $2 {perishes.} Nf5 $19) 45... fxe3 46. Bxe3 Nc4) 45. Bc3 (45. Bd3 $11) 45... Rg6 46. Rxg6+ Bxg6 47. Be1 Bh5 ({Black should play} 47... f4 $1 $15 48. exf4 Nf5) 48. f4 $11 Nc4 49. Bxc4 dxc4 50. Bxh4 c5 51. Be1 Kd5 52. Bc3 Ke4 53. Kd2 Bf3 54. Ba5 Bh5 1/2-1/2

[Event "Bangabandhu Premier Div League 2023-24"]
[Site "Dhaka"]
[Date "2024.02.05"]
[Round "5.12"]
[White "Manon, Reja Neer"]
[Black "Asif, Mahmud"]
[Result "1/2-1/2"]
[ECO "C67"]
[WhiteElo "2169"]
[BlackElo "1906"]
[Annotator "TA"]
[PlyCount "76"]
[EventDate "2024.02.01"]
[EventCountry "BAN"]
[SourceTitle "playchess.com"]
[Source "ChessBase"]
[SourceQuality "1"]
[TimeControl "40/5400+30:1800+30"]

1. e4 e5 2. Nf3 Nc6 3. Bb5 Nf6 4. O-O Nxe4 5. d4 Nd6 6. Bxc6 dxc6 7. dxe5 Nf5 8. Qxd8+ Kxd8 9. Rd1+ Ke8 10. h3 h5 11. Bg5 Be7 {[%emt 1:23:25] Repels Rd8+} 12. Nc3 {[%emt 0:06:08] The position is equal.} Be6 13. a4 a5 14. Rd2 Rd8 {[%emt 0:00:00] [#] ...Bxg5 is the strong threat.} 15. Rad1 Rxd2 16. Rxd2 Bxg5 17. Nxg5 Ke7 18. Ne2 Rh6 19. Nf4 Bc8 20. Ne4 h4 21. c3 Rh8 22. Ng5 Rh6 23. Re2 b6 24. b4 axb4 25. cxb4 Nd4 26. Re4 Ne6 27. Nf3 Nxf4 28. Rxf4 $11 {[%emt 0:00:00][%mdl 4096] Endgame. KRB-KRN} Rh5 29. Rc4 Bb7 30. a5 c5 31. bxc5 (31. axb6 $11 cxb6 32. bxc5) 31... Bxf3 (31... bxa5 32. c6 Ba6 33. Ra4 $11) 32. gxf3 (32. cxb6 $11 cxb6 33. gxf3 Rg5+ (33... Rxe5 34. axb6 Rb5 35. Rc7+ Ke6 36. b7 $14) (33... bxa5 34. Rc5 $11) 34. Kf1 (34. Rg4 $2 Rxg4+ 35. hxg4 bxa5 $19) 34... bxa5 35. f4) 32... bxa5 {[%emt 0:00:29] KR-KR} ({Much weaker is} 32... Rxe5 $6 33. cxb6 (33. Rxh4 $2 {loses.} bxa5 34. Rd4 Rxc5 $19) (33. axb6 cxb6 34. cxb6 Re1+ 35. Kh2 Rb1 $14) 33... cxb6 34. axb6 $11) 33. f4 Rh6 34. c6 {[%emt 0:00:00] [#]} Rh8 ({Black should try} 34... Ke6 $1 $17 {With the idea ...Rh8.} 35. Kf1 Rh8 (35... Kd5 36. Ra4 $17)) 35. Ra4 $1 Ra8 {[%emt 0:00:05] Black wants to play ...Ke6.} 36. f5 g6 37. Kg2 $2 (37. fxg6 $11 fxg6 38. f4) 37... gxf5 $19 38. Kf3 Ke6 {[%emt 0:00:20] Weighted Error Value: White=0.30/Black=0.14 (very precise) .  Loses game:     	White=1     	---        Mistake:       	White=2     	Black=1      Inaccurate:     	White=3     	Black=4      OK:         	White=6     	Black=11     Best:        	White=1     	Black=3      Strong:       	White=1     	---} 1/2-1/2

[Event "Bangabandhu Premier Div League 2023-24"]
[Site "Dhaka"]
[Date "2024.02.06"]
[Round "6.1"]
[White "Mohammad Fahad, Rahman"]
[Black "Hossain, Enamul"]
[Result "0-1"]
[ECO "E04"]
[WhiteElo "2418"]
[BlackElo "2372"]
[Annotator "TA"]
[PlyCount "94"]
[EventDate "2024.02.01"]
[EventCountry "BAN"]
[SourceTitle "playchess.com"]
[Source "ChessBase"]
[SourceQuality "1"]
[TimeControl "40/5400+30:1800+30"]

1. d4 Nf6 2. c4 e6 3. Nc3 d5 4. Nf3 a6 5. g3 dxc4 6. Bg2 Nc6 7. O-O Rb8 8. e4 Be7 9. Qe2 {[%emt 1:08:59] 9.d5 is more fashionable.} Nxd4 {[%emt 0:00:30] has lost popularity (9...b5). E04: Open Catalan: 5 Nf3.} 10. Nxd4 Qxd4 11. Rd1 Qc5 12. Be3 Qa5 13. Qxc4 O-O 14. Bd2 $146 (14. e5 $11 Nd7 15. Qe2) ({Predecessor:} 14. e5 Nd7 15. f4 b5 16. Qe2 b4 17. Ne4 Nb6 18. Rac1 Nd5 19. Ba7 Ra8 20. Bc5 Bxc5+ 21. Nxc5 {1-0 Helbich,J (2537)-Oliveira (2566) Champion's League 10/B1 email 2010 [1]}) 14... c6 (14... b5 $5 15. Qe2 b4 $17) 15. Qe2 Qc7 $1 16. Rac1 e5 (16... Rd8 $1 $15) 17. Nd5 $1 $11 Nxd5 18. exd5 c5 $1 19. b4 b6 $1 20. Be3 Bd6 21. bxc5 bxc5 22. Qc4 Bd7 23. Qxa6 (23. Bxc5 $11 h6 24. Bxd6 Qxd6 25. Qc7) 23... Rb4 24. Qa3 (24. Rb1 $11 Rfb8 25. Rxb4 Rxb4 26. Qd3) 24... Ra4 $17 25. Qc3 Rc8 26. Rc2 {[%emt 0:00:30] [#]} (26. Qc2 $17) 26... h6 ({Black should play} 26... c4 $1 $19 {...Ra3 would now be deadly.} 27. Bf1 Bf5) 27. Bf1 $17 c4 28. Qb2 (28. Rb1 $17) 28... Rb4 29. Qc1 Ba4 30. Rc3 Bxd1 31. Qxd1 Qb7 32. Qg4 Kf8 (32... Rb1 $19 {...h5 is the strong threat.} 33. Rxc4 f5 34. Rxc8+ Qxc8) 33. Bd3 (33. Qe4 $17) 33... Bc5 $1 $19 (33... cxd3 $2 34. Rxc8+ $18) 34. Bf5 $2 (34. Bc2 {keeps fighting.} Bxe3 35. Rxe3) 34... Rc7 (34... Bxe3 $142 35. Rxe3 c3 (35... Qxd5 $2 36. Be4 $19) 36. Bxc8 c2) 35. Bxc5+ Rxc5 36. d6 Rd5 (36... Rb6 $19 37. d7 Rd6) 37. d7 $2 (37. Be4 $17 {was the crucial defense.} Rd4 38. Bxb7 Rxg4 39. Ra3) 37... Rxd7 $19 38. Rf3 (38. Be4 $142 Rd4 39. Bxb7 Rxg4 40. h3) 38... Rd1+ $19 39. Kg2 c3 40. Qh5 Rd6 41. Kh3 Qc7 42. Bc2 Rd2 43. Bg6 Rd7 (43... Rxa2 $2 {loses.} 44. Rxf7+ $18 (44. Bxf7 Ra6 $17) (44. Bxf7 Ra6 $15)) 44. Bc2 e4 45. Rf5 Rd2 46. a3 Rb8 (46... Rb2 $142 47. Bxe4 Rxf2 48. Rxf2 Rxf2) 47. Bxe4 $19 c2 0-1

[Event "Bangabandhu Premier Div League 2023-24"]
[Site "Dhaka"]
[Date "2024.02.06"]
[Round "6.1"]
[White "Swarnavo Choudhury"]
[Black "Rahman, Syed Mahfuzur"]
[Result "1/2-1/2"]
[ECO "B91"]
[WhiteElo "2056"]
[BlackElo "2087"]
[Annotator "TA"]
[PlyCount "113"]
[EventDate "2024.02.01"]
[EventCountry "BAN"]
[SourceTitle "playchess.com"]
[Source "ChessBase"]
[SourceQuality "1"]
[TimeControl "40/5400+30:1800+30"]

1. e4 c5 2. Nf3 d6 3. d4 cxd4 4. Nxd4 Nf6 5. Nc3 a6 6. g3 e5 7. Nde2 Be7 8. Bg2 b5 9. a4 b4 10. Nd5 Nxd5 11. exd5 (11. Qxd5 $5 Ra7 $8 12. Be3 $11) 11... O-O 12. O-O Nd7 13. f4 Qb6+ 14. Kh1 exf4 (14... a5 $15) 15. Bxf4 (15. a5 $142 Qc7 16. Bxf4) 15... Bf6 16. c3 ({White should try} 16. a5 $11 Qc5 17. c3) 16... Ne5 17. Qd4 Rb8 18. Qxb6 Rxb6 19. a5 Rb7 20. Nd4 Bd7 21. Nc6 bxc3 22. bxc3 Rb3 23. Bxe5 dxe5 24. Rfc1 (24. c4 $14) 24... Re8 25. Rab1 Rxb1 26. Rxb1 e4 27. Re1 e3 28. Nd4 $1 Rc8 29. Nc6 Re8 30. Nd4 $1 Bd8 31. Nb3 ({White should play} 31. Nc6 $15 Bf6) 31... Ba4 (31... e2 $142 32. Bf3 Re3 33. Bxe2 g6 (33... Rxc3 34. Rb1 $17)) 32. Nc5 Bb5 33. d6 e2 34. d7 Re7 (34... Bxa5 $2 35. dxe8=Q+ (35. dxe8=R+ Bxe8 36. Rxe2 Kf8 $18) 35... Bxe8 36. Rxe2 $18 (36. Nxa6 Bxc3 37. Rxe2 Kf8 $18)) 35. Bf3 Bxd7 ({Of course not} 35... Bxa5 36. Nb7 $11) (35... Re3 $17 36. Kg2 Kf8 (36... Bxa5 37. Nb7 $16)) 36. Nxd7 $11 {[%emt 0:00:53] The position is equal.} Rxd7 37. Rxe2 $17 {[%emt 0:00:16][%cal Re2e8][%mdl 4096] [#] Endgame. KRB-KRB} g6 ({Weaker is} 37... Bxa5 38. Re8#) 38. c4 Bxa5 39. Ra2 Bb4 40. Rxa6 Kf8 41. Rb6 Ba3 42. Rb3 Bd6 43. Rd3 {[%emt 0:00:14] [#] Strongly threatening c5.} Ke7 44. Re3+ Kd8 45. Rd3 {[%emt 0:02:09] aiming for Bc6.} Ke7 46. Re3+ Kf6 47. Rd3 {[%emt 0:00:19] Threatens to win with c5.} Ke6 48. Kg2 Ra7 49. Bd5+ Ke5 50. Rd2 Bb4 51. Re2+ Kd4 52. Re4+ Kd3 53. Rf4 f5 54. h3 Bd6 55. Rf3+ Kd4 56. Rf1 Ra2+ 57. Rf2 {[%emt 0:00:00] Weighted Error Value: White=0.12 (very precise) /Black=0.14 (very precise) .  Mistake:       	White=4     	Black=3      Inaccurate:     	White=3     	Black=5      OK:         	White=19    	Black=17     Best:        	White=5     	Black=1      Strong:       	White=2     	---} 1/2-1/2

[Event "Bangabandhu Premier Div League 2023-24"]
[Site "Dhaka"]
[Date "2024.02.06"]
[Round "6.2"]
[White "Saiful Islam, Chowdhury"]
[Black "Puranik, Abhimanyu"]
[Result "0-1"]
[ECO "C50"]
[WhiteElo "2130"]
[BlackElo "2645"]
[Annotator "TA"]
[PlyCount "84"]
[EventDate "2024.02.01"]
[EventCountry "BAN"]
[SourceTitle "playchess.com"]
[Source "ChessBase"]
[SourceQuality "1"]
[TimeControl "40/5400+30:1800+30"]

1. e4 e5 2. Nf3 Nc6 3. Bc4 Nf6 4. d3 Bc5 5. Nc3 h6 6. Be3 Bb4 7. O-O Bxc3 8. bxc3 d6 9. Rb1 O-O {[%emt 0:00:11] The position is equal.} 10. h3 Re8 11. Re1 Na5 12. Bb3 a6 13. c4 b5 14. Bd2 c5 15. cxb5 axb5 16. c4 bxc4 17. Bxa5 Qxa5 18. dxc4 (18. Bxc4 $11 Qc7 19. Nd2) 18... Ra6 19. Nd2 Nh7 20. Re3 Ng5 21. Nf1 Ne6 22. Ng3 Nd4 23. Qd3 Qd8 24. Ne2 g6 {[%emt 0:01:00] Black has more active pieces.} ({Black should play} 24... f5 25. Qd1 f4) 25. Nxd4 (25. Rf1 $142) 25... exd4 $17 ({Resist} 25... cxd4 26. Rg3 $17) 26. Rg3 (26. Re2 $17) 26... Qf6 27. Rb2 (27. Re1 $17) 27... Ra7 28. Re2 Bb7 29. f3 (29. Qb1 $17) 29... Bc6 30. Qd2 Kg7 31. Rg4 Re5 32. h4 (32. Bd1 {was called for.}) 32... Bd7 $19 33. Rf4 Qe7 {[%emt 0:00:00] ...g5 would now be deadly.} 34. Qe1 Ra8 35. Qg3 Be6 36. Re1 f6 37. Kf2 (37. h5 $142 Rxh5 38. Rh4 Rxh4 39. Qxh4) 37... Qf7 38. Rh1 (38. Rb1 $142) 38... Bxc4 39. h5 (39. Rb1 $142 Bxb3 40. axb3) 39... g5 40. Rf5 {[%emt 0:00:29] White is weak on the dark squares} Bxb3 41. axb3 Ra2+ 42. Kg1 Ra1+ {[%emt 0:00:11] Weighted Error Value: White=0.77/Black=0.33.  Mistake:       	White=9     	Black=1      Inaccurate:     	White=2     	Black=2      OK:         	White=9     	Black=9      Best:        	White=1     	---} 0-1

[Event "Bangabandhu Premier Div League 2023-24"]
[Site "Dhaka"]
[Date "2024.02.06"]
[Round "6.2"]
[White "Md Anisur Rahaman"]
[Black "Sanket Chakravarty"]
[Result "0-1"]
[ECO "D24"]
[WhiteElo "1762"]
[BlackElo "2361"]
[Annotator "TA"]
[PlyCount "68"]
[EventDate "2024.02.01"]
[EventCountry "BAN"]
[SourceTitle "playchess.com"]
[Source "ChessBase"]
[SourceQuality "1"]
[TimeControl "40/5400+30:1800+30"]

1. d4 d5 2. c4 e6 3. Nc3 a6 4. Nf3 Nf6 5. Bg5 dxc4 6. e4 b5 7. a3 (7. e5 $11 {keeps the balance.} h6 8. Bxf6 gxf6 9. a4) 7... Bb7 $17 8. Be2 {[%emt 0:04:06] Black is better.} Be7 (8... Bxe4 $2 9. Nxe4 Nbd7 10. b3 $18) 9. e5 Nd5 10. Bxe7 Qxe7 11. Qd2 Nxc3 12. bxc3 Nd7 13. O-O O-O 14. Rfb1 Nb6 15. Qc2 (15. Qe3 $17) 15... h6 16. Nd2 (16. a4 {might work better.}) 16... c5 $19 17. Bf3 Bxf3 18. Nxf3 Rfd8 19. Qe4 Rac8 20. dxc5 (20. Ne1 {was called for.}) 20... Qxc5 21. g4 Qc6 22. Qxc6 Rxc6 23. Rd1 Rd3 24. Nd4 Rc5 25. Rac1 Na4 (25... Rxe5 26. Rxd3 cxd3 27. Rd1) 26. Kf1 Nxc3 27. Rxd3 cxd3 {[%emt 0:00:07][%mdl 4096] Endgame. KRN-KRN} 28. Nb3 Rc4 ({Worse is} 28... Rxe5 29. Rxc3 Rd5 30. Rc5 $16) 29. Nd2 Ne4 30. Nxc4 (30. Rd1) 30... bxc4 31. f3 d2 ({Not} 31... Nd2+ $2 32. Kf2 $18) 32. Rb1 {[%emt 0:02:36] [#]} c3 $1 {[%emt 0:01:03] Black mates.} 33. Ke2 c2 34. Rd1 Nc3+ {[%emt 0:00:20] White did not feel at home in the position after the opening.   Weighted Error Value: White=0.66/Black=0.08 (flawless) .  Mistake:       	White=5     	---        Inaccurate:     	White=3     	---        OK:         	White=7     	Black=13     Best:        	---       	Black=1} (34... c1=B 35. fxe4 g6 36. a4 $18) 0-1

[Event "Bangabandhu Premier Div League 2023-24"]
[Site "Dhaka"]
[Date "2024.02.06"]
[Round "6.3"]
[White "Ter-Sahakyan, Samvel"]
[Black "Chigaev, Maksim"]
[Result "1/2-1/2"]
[ECO "C89"]
[WhiteElo "2649"]
[BlackElo "2622"]
[Annotator "TA"]
[PlyCount "78"]
[EventDate "2024.02.01"]
[EventCountry "BAN"]
[SourceTitle "playchess.com"]
[Source "ChessBase"]
[SourceQuality "1"]
[TimeControl "40/5400+30:1800+30"]

1. e4 e5 2. Nf3 Nc6 3. Bb5 a6 4. Ba4 Nf6 5. O-O Be7 6. Re1 b5 7. Bb3 O-O 8. c3 d5 9. exd5 Nxd5 10. Nxe5 Nxe5 11. Rxe5 c6 12. d3 Bd6 13. Re1 Bf5 14. Qf3 Bg6 15. Na3 Bxa3 16. bxa3 Nxc3 17. Bd2 Nd5 18. a4 Qd7 19. Rac1 Rfe8 20. h3 Rxe1+ 21. Rxe1 Re8 22. Rc1 h6 {[%emt 0:00:30] The position is equal.} 23. axb5 axb5 24. a4 bxa4 25. Bxa4 {[%emt 0:01:30] This pair of bishops is nice.} Re6 26. Bb3 Qb7 27. Bc4 Re8 28. Qd1 Qd7 29. Qg4 Qxg4 30. hxg4 Ra8 31. f3 Nb6 32. Bb3 Ra3 $1 33. Rc3 {[%emt 0:00:00][%cal Ob3f7] [#] Strongly threatening Bxf7+!} Nd5 34. Bxd5 Rxc3 35. Bxf7+ Kxf7 36. Bxc3 Bxd3 $11 {[%emt 0:00:00] KB-KB} 37. Kf2 c5 38. Ke3 $1 Bf1 39. Kf2 Bd3 {[%emt 0:00:00] An even fight not without its subleties.   Weighted Error Value: White=0.05 (flawless) /Black=0.03 (flawless) .  Inaccurate:     	White=1     	Black=1      OK:         	White=10    	Black=13     Strong:       	White=1     	Black=1} 1/2-1/2

[Event "Bangabandhu Premier Div League 2023-24"]
[Site "Dhaka"]
[Date "2024.02.06"]
[Round "6.3"]
[White "Arpan Das"]
[Black "Hasan, Sk. Rashedul"]
[Result "1-0"]
[ECO "B34"]
[WhiteElo "2367"]
[BlackElo "1807"]
[Annotator "TA"]
[PlyCount "67"]
[EventDate "2024.02.01"]
[EventCountry "BAN"]
[SourceTitle "playchess.com"]
[Source "ChessBase"]
[SourceQuality "1"]
[TimeControl "40/5400+30:1800+30"]

1. e4 c5 2. Nf3 g6 3. d4 cxd4 4. Nxd4 Nf6 5. Nc3 Nc6 6. Nxc6 bxc6 7. e5 Ng8 8. Bc4 Bg7 9. Qf3 e6 10. Bf4 Qa5 (10... Qc7 $142) 11. O-O-O $16 {[%emt 0:00:49] Threatens to win with Ne4.} Bxe5 12. Bxe5 ({White should try} 12. Ne4 $18 {And now Bxe5 would win.} Kf8 13. Nd6) 12... Qxe5 {[%emt 0:00:04] White is better.} 13. Rhe1 Qg5+ 14. Kb1 {[%emt 0:00:03][%mdl 1024] aiming for Ne4. White has strong compensation. White has more active pieces.} Nf6 {[%emt 0:00:13] [#]} 15. Rd4 $1 Nh5 $2 {[%emt 0:19:37][%mdl 8192] A mistake that costs the game.} (15... Ke7 $16 {might work better.}) 16. Ne4 $18 Qe7 17. Nd6+ Kf8 18. Qe3 {[%emt 0:05:57] g4 is the strong threat.} h6 19. g4 Nf6 20. Qe5 $36 {[%emt 0:01:08][%mdl 2048] Strongly threatening Rf4. Keeping Black busy.} Rh7 (20... Kg8 $16 21. h3 Ne8) 21. Rf4 Ng8 22. Qd4 {[%emt 0:10:30] Black is weak on the light squares} a5 23. Bd3 f6 $2 (23... Rg7 24. a3 Ba6) 24. Bxg6 Rg7 25. Bh5 Rg5 26. c4 {[%emt 0:06:05] Prevents Rd5.} Ba6 27. h4 c5 28. Qd2 Rg7 (28... Rd5 $142 29. cxd5 Qxd6) 29. Rf3 Rb8 30. Nf5 Qd8 31. Qd6+ Ne7 32. Nxg7 Kxg7 {[%emt 0:00:31] [#]} 33. Rxf6 $3 Qb6 (33... Nd5 34. Rf7+) 34. Qxe7+ {[%emt 0:00:05] Weighted Error Value: White=0.30/Black=0.85.  Loses game:     	---       	Black=1      Mistake:       	White=1     	Black=3      Inaccurate:     	White=2     	Black=2      OK:         	White=6     	Black=5      Best:        	White=4     	Black=1      Strong:       	White=1     	---} 1-0